 Dungeon Crawl Stone Soup version 0.21.1-1-g345015f (webtiles) character file.

41 letownia2 the Conjurer (level 3, 0/19 HPs)
             Began as a Tengu Wizard on Mar 4, 2018.
             Engulfed by a cloud of noxious fumes (1 damage)
             ... on level 3 of the Dungeon.
             The game lasted 00:03:18 (511 turns).

letownia2 the Conjurer (Tengu Wizard)                Turns: 511, Time: 00:03:19

Health: 0/19       AC:  3    Str:  7    XL:     3   Next: 52%
Magic:  2/8        EV: 11    Int: 19    God:
Gold:   51         SH:  0    Dex: 12    Spells: 2/8 levels left

rFire    . . .     SeeInvis .   (no weapon)
rCold    . . .     Gourm    .   (no shield)
rNeg     . . .     Faith    .   e - +0 leather armour
rPois    .         Spirit   .   b - +0 hat
rElec    .         Reflect  .   (no cloak)
rCorr    .         Harm     .   (no gloves)
MR       .....                  (boots unavailable)
Stlth    +.........             (no amulet)
HPRegen  0.06/turn              (no ring)
MPRegen  0.11/turn              (no ring)

@: confused, very slightly contaminated, hasted, drained, very quick
A: beak, talons 3
a: no special abilities


You were on level 3 of the Dungeon.
You were not hungry.

You visited 1 branch of the dungeon, and saw 3 of its levels.

You collected 51 gold pieces.

Inventory:

Missiles
 o - 4 tomahawks (quivered)
Armour
 a - a +0 robe
 b - a +0 hat (worn)
 e - a +0 leather armour (worn)
 n - a +0 buckler
 p - a +0 leather armour
Scrolls
 f - a scroll of amnesia {unknown}
 h - a scroll of magic mapping {unknown}
 j - 2 scrolls of teleportation {unknown}
 l - a scroll of remove curse {unknown}
Potions
 i - a potion of heal wounds {unknown}
 k - a potion of degeneration {unknown}
 m - a potion of ambrosia {unknown}
 q - a potion of flight {unknown}
Books
 c - a book of Minor Magic

   Spells                             Type                      Level
   a - Magic Dart                     Conjuration                  1
   b - Blink                          Translocation                2
   c - Call Imp                       Summoning                    2
   d - Slow                           Hexes                        2
   e - Conjure Flame                  Conjuration/Fire             3
   f - Mephitic Cloud                 Conjuration/Poison/Air       3
Comestibles
 d - 2 rations


   Skills:
 - Level 2.1(1.9) Dodging
 - Level 2.0(1.7) Stealth
 - Level 3.0(2.7) Spellcasting
 + Level 4.4(4.2) Conjurations
 - Level 1.2(1.0) Summonings
   Level 0.7(0.5) Translocations


You had 2 spell levels left.
You knew the following spells:

 Your Spells              Type           Power        Failure   Level  Hunger
a - Magic Dart            Conj           ###.         4%          1    None
e - Mephitic Cloud        Conj/Pois/Air  #.......     36%         3    ###....
i - Call Imp              Summ           #.......     24%         2    ##.....


Dungeon Overview and Level Annotations

Branches:
Dungeon (3/15)

Altars:
Dithmenos


Innate Abilities, Weirdness & Mutations

You have a beak for a mouth.
You have claws for feet.


Message History

You choke on the stench!
You are more confused.
The orc wizard is engulfed in noxious fumes.
The orc wizard appears confused.
The orc wizard closely misses you. The rat closely misses you.
The orc wizard is engulfed in noxious fumes.
The orc wizard hits you but does no damage.
You feel drained. The orc hits you but does no damage.
You're too confused to move!
You are engulfed in noxious fumes.
* * * LOW HITPOINT WARNING * * *
The orc wizard is engulfed in noxious fumes.
The orc wizard appears confused.
The rat barely misses you. The orc hits you with a club.
* * * LOW HITPOINT WARNING * * *
Unknown command.
Unknown command.
It was a potion of haste.
You feel yourself speed up.
You are engulfed in noxious fumes.
You choke on the stench!
You are more confused.
You die...

######## #...o§o#
#.####@#
#.####r#.#########
#o#...o..........###
#.#.##..... #......#
#o#.##....# #.##.#.#
#......#.## #.##.#.#
###.###### #.##..†#
#o.# ######.####.#
##r# #......####.#


You could see an orc wizard (confused), 2 orcs and a rat.

Vanquished Creatures
  A gnoll (D:3)
  An adder (D:3)
  An ooze (D:2)
  A leopard gecko (D:3)
  2 orcs (D:3)
  A bat (D:3)
  A goblin (D:2)
  4 hobgoblins
  4 frilled lizards
  A kobold (D:3)
17 creatures vanquished.

Notes
Turn   | Place    | Note
-------+----------+-------------------------------------------
     0 | D:1      | letownia2 the Tengu Wizard began the quest for the Orb.
     0 | D:1      | Reached XP level 1. HP: 10/10 MP: 5/5
    38 | D:1      | Reached skill level 2 in Conjurations
   122 | D:2      | Reached skill level 3 in Conjurations
   122 | D:2      | Reached XP level 2. HP: 12/15 MP: 0/7
   134 | D:2      | Learned a level 2 spell: Call Imp
   212 | D:3      | Found a shadowy altar of Dithmenos.
   356 | D:3      | Found a faded altar of an unknown god.
   373 | D:3      | Reached skill level 4 in Conjurations
   373 | D:3      | Reached XP level 3. HP: 11/19 MP: 3/8
   379 | D:3      | Learned a level 3 spell: Mephitic Cloud
   511 | D:3      | Engulfed by a cloud of noxious fumes

Skill      XL: |  1  2 |
---------------+-------+-----
Conjurations   | 3 4 |  4.4
Dodging        | |  2.1
Stealth        | |  2.0
Spellcasting   | |  3.0
Summonings     | |  1.2
Translocations | |  0.7

Action                   || total
-------------------------++-------
Melee: Unarmed           ||    12
       Kick              ||     1
       Peck              ||     1
 Cast: Magic Dart        ||    35
       Call Imp          ||     1
       Mephitic Cloud    ||     2
  Use: Potion            ||     1
 Stab: Sleeping          ||     1
Armor: Leather armour    ||    11
Dodge: Dodged            ||    24
